Map: Proxima Station LE

Players

Serral - Winner!

  • Race: Zerg Zerg
  • League: Master
  • Spawn Location: 1:00

SortOf

  • Race: Zerg Zerg
  • League: Master
  • Spawn Location: 7:00

Event: HomeStory Cup XV

VOD

Have the link to the VOD?

Description

Time

  • Played on: July 22, 2017, 9:21 a.m.
  • Length: 15:04

All games in this series

Show
View Real Time Build Order
Export as new Build Order

Serral Zerg - Winner!

Build Orders: Hatch First 

Get SALT Encoding   

  12  0:00  Drone  
  13  0:13  Overlord  
  13  0:17  Drone  
  14  0:31  Drone x2  
  14  0:35  Drone  
  17  0:53  Hatchery  
  16  1:04  Drone  
  16  1:10  Spawning Pool  
  16  1:11  Drone  
  17  1:19  Drone  
  18  1:35  Hatchery  
  18  1:38  Drone  
  18  1:41  Drone  
  19  1:56  Queen  
  19  1:58  Drone  
  22  2:05  Queen  
  24  2:10  Overlord  
  24  2:13  Drone  
  25  2:15  Zergling x2  
  25  2:18  Drone  
  25  2:22  Drone  
  28  2:30  Drone  
  28  2:32  Queen  
  28  2:34  Drone  
  32  2:38  Drone  
  32  2:43  Drone  
  34  2:46  Drone  
  34  2:49  Drone  
  36  2:56  Drone  
  36  2:57  Overlord  
  36  2:59  Drone  
  36  3:04  Drone x2  
  39  3:06  Extractor x2, Drone x2  
  39  3:08  Drone  
  39  3:10  Drone  
  41  3:14  Overlord  
  41  3:17  Drone x3  
  44  3:20  Drone  
  44  3:25  Drone  
  44  3:26  Evolution Chamber  
  45  3:28  Drone  
  45  3:33  Overlord  
  46  3:34  Drone  
  46  3:36  Zergling x2  
  46  3:37  Drone x2  
  46  3:40  Drone x2  
  46  3:41  Drone  
  53  3:45  Drone x3  
  56  3:51  Zerg Missile Weapons Level 1  
  56  3:53  Drone x2  
  58  4:01  Roach Warren  
  57  4:03  Drone x2  
  57  4:04  Drone x2  
  61  4:10  Lair  
  61  4:12  Extractor x2  
  61  4:13  Drone x5  
  64  4:18  Drone x2  
  64  4:20  Overlord  
  64  4:21  Overlord  
  66  4:25  Overlord  
  66  4:34  Overlord  
  66  4:35  Extractor  
  66  4:38  Extractor, Drone x5  
  66  4:39  Drone  
  66  4:41  Drone x3  
  66  4:42  Drone  
  73  4:46  Drone x4  
  73  4:52  Hatchery  
  76  4:55  Roach x2  
  76  4:56  Roach  
  76  4:59  Roach x2  
  86  5:04  Overlord  
  86  5:05  Overlord  
  86  5:08  Glial Reconstitution, Overseer  
  86  5:10  Roach  
  86  5:11  Roach  
  90  5:16  Roach x3  
  98  5:21  Roach  
  98  5:24  Overlord x3  
  98  5:27  Roach x2  
  102  5:33  Roach x2  
  102  5:34  Roach x2  
  102  5:35  Overseer  
  110  5:40  Roach x2  
  114  5:46  Overlord x2  
  114  5:47  Zerg Missile Weapons Level 2  
  114  5:48  Ravager  
  114  5:49  Ravager x2  
  117  5:50  Ravager  
  118  5:57  Roach x6  
  130  6:07  Queen, Roach  
  130  6:08  Roach x3  
  140  6:15  Overlord x2  
  140  6:17  Roach x2  
  144  6:23  Overlord x2  
  144  6:27  Overlord x2  
  144  6:34  Roach x6  
  144  6:39  Roach x2  
  160  6:44  Roach x4  
  168  6:49  Roach x4  
  176  6:58  Ravager, Roach x3  
  183  7:04  Overlord  
  183  7:05  Overlord x3  
  183  7:09  Overseer  
  183  7:13  Ravager  
  184  7:26  Roach x8  
  200  7:36  Spine Crawler  
  199  7:38  Spine Crawler  
  198  7:45  Hatchery  
  198  7:47  Ravager, Roach  
  193  8:15  Overseer  
  193  8:16  Roach x4  
  199  8:21  Infestation Pit  
  199  8:27  Overlord  
  198  8:38  Drone  
  198  8:39  Spine Crawler, Drone  
  198  8:41  Spine Crawler  
  198  8:42  Overseer x2  
  198  8:43  Spore Crawler  
  198  8:44  Overseer  
  198  8:47  Extractor  
  198  8:48  Overseer  
  196  8:58  Drone x3  
  196  9:00  Zerg Ground Armor Level 1  
  197  9:08  Roach x9  
  187  9:20  Infestor x3  
  191  9:26  Drone  
  191  9:27  Drone x3  
  191  9:29  Drone x3  
  191  9:30  Roach, Drone x2  
  191  9:31  Roach x2  
  199  9:36  Overseer  
  199  9:44  Overseer, Ravager x2  
  188  9:53  Roach x8  
  188  9:59  Roach x10  
  199  10:00  Roach x2  
  199  10:05  Roach  
  199  10:12  Burrow  
  199  10:15  Overseer  
  199  10:17  Ravager  
  199  10:19  Tunneling Claws  
  199  10:21  Overlord  
  200  10:22  Overseer  
  200  10:36  Overlord x2  
  200  10:37  Overlord  
  200  10:38  Overseer  
  198  10:53  Overlord  
  198  10:57  Overlord  
  198  10:58  Zerg Ground Armor Level 2  
  196  11:05  Roach x2  
  188  11:16  Roach  
  188  11:17  Roach x17  
  194  11:23  Queen, Hydralisk Den  
  183  11:26  Roach x12  
  183  11:29  Roach  
  183  11:30  Roach x11  
  183  11:31  Queen  
  179  11:46  Roach x10  
  199  11:49  Ravager  
  200  12:07  Overseer, Pneumatized Carapace  
  200  12:15  Muscular Augments  
  200  12:16  Roach x8  
  200  12:17  Hive  
  200  12:42  Roach x5  
  194  12:54  Spine Crawler  
  194  12:55  Spine Crawler x2  
  194  12:57  Drone x2  
  194  12:58  Hydralisk x3, Spine Crawler, Drone  
  194  13:00  Ravager  
  194  13:01  Spore Crawler  
  197  13:19  Roach x4  
  199  13:20  Roach x6  
  181  13:27  Roach  
  181  13:28  Roach x8  
  181  13:32  Ravager  
  198  13:47  Roach x2  
  182  13:59  Roach x12  
  182  14:01  Roach  
  182  14:02  Roach  
  199  14:09  Hydralisk x3  
  182  14:10  Roach x4  
  182  14:11  Roach x4  
  182  14:14  Roach x4  
  182  14:15  Roach x9  
  182  14:16  Roach x5  
  184  14:25  Hydralisk x3  
  184  14:27  Hydralisk x6  
  184  14:30  Roach x2  
  184  14:31  Roach  
  200  14:36  Hydralisk x3  
  200  14:40  Roach x3  
Show
View Real Time Build Order
Export as new Build Order

SortOf Zerg 

Build Orders: Hatch First 

Get SALT Encoding   

  12  0:00  Drone  
  13  0:12  Overlord  
  13  0:17  Drone  
  14  0:31  Drone x2  
  16  0:36  Drone  
  17  0:52  Hatchery  
  17  0:55  Drone  
  17  0:58  Drone  
  18  1:13  Spawning Pool  
  18  1:15  Drone  
  19  1:18  Drone  
  19  1:37  Hatchery  
  18  1:50  Drone  
  19  1:59  Queen, Drone  
  22  2:03  Zergling x2  
  22  2:05  Queen  
  25  2:11  Overlord  
  25  2:14  Drone  
  26  2:17  Drone  
  26  2:20  Drone  
  28  2:31  Drone x2  
  28  2:35  Queen  
  32  2:37  Drone  
  32  2:43  Overlord  
  33  2:45  Drone  
  34  2:52  Drone x2  
  34  2:55  Drone  
  34  2:57  Extractor x2  
  34  3:01  Drone x2  
  36  3:08  Drone x2  
  36  3:12  Overlord  
  38  3:15  Drone x5  
  38  3:17  Drone  
  44  3:21  Drone x2  
  46  3:29  Drone  
  46  3:32  Drone x2  
  46  3:33  Drone  
  50  3:36  Extractor  
  49  3:41  Evolution Chamber  
  49  3:43  Overlord  
  49  3:44  Roach Warren, Drone x2  
  49  3:47  Drone x2  
  49  3:48  Drone x2  
  52  3:51  Drone  
  52  3:54  Drone  
  52  3:55  Drone  
  56  3:57  Drone  
  56  3:59  Lair  
  57  4:04  Drone  
  57  4:07  Drone  
  59  4:10  Extractor  
  59  4:13  Overlord, Zerg Missile Weapons Level 1  
  59  4:16  Drone x2  
  59  4:17  Drone x2  
  61  4:18  Drone x3  
  65  4:26  Overlord  
  65  4:33  Roach  
  65  4:34  Roach x3  
  65  4:35  Extractor  
  65  4:38  Overlord  
  72  4:39  Drone x2  
  72  4:41  Overlord  
  72  4:43  Overlord  
  74  4:48  Roach x4  
  74  4:52  Overlord  
  82  4:57  Glial Reconstitution, Hatchery  
  81  5:04  Roach x3  
  87  5:08  Overlord  
  87  5:10  Drone x4  
  87  5:13  Roach  
  93  5:15  Ravager x3  
  93  5:18  Roach  
  93  5:19  Roach  
  100  5:22  Overlord  
  100  5:23  Overlord  
  100  5:29  Ravager  
  100  5:31  Roach x3  
  100  5:34  Overlord  
  107  5:39  Overlord  
  109  5:42  Roach  
  109  5:43  Roach x5  
  109  5:46  Overlord  
  119  5:56  Roach x6  
  131  6:01  Overlord  
  131  6:05  Roach x3  
  137  6:13  Roach x2  
  137  6:18  Overlord  
  141  6:19  Overlord  
  141  6:21  Roach  
  141  6:22  Roach x2  
  141  6:23  Overseer  
  147  6:30  Roach x4  
  147  6:32  Zerg Missile Weapons Level 2  
  155  6:35  Overlord  
  155  6:36  Roach x3  
  161  6:41  Roach x2  
  161  6:42  Roach  
  163  6:49  Roach x5  
  163  6:50  Overlord  
  163  6:52  Overlord  
  173  7:01  Roach x5, Overlord  
  183  7:04  Overlord  
  183  7:09  Extractor  
  183  7:12  Tunneling Claws  
  183  7:13  Overlord  
  183  7:14  Drone x3  
  187  7:15  Roach  
  187  7:16  Roach  
  187  7:21  Burrow  
  189  7:27  Roach  
  189  7:28  Roach x3  
  197  7:35  Spine Crawler, Roach x2  
  200  7:39  Overlord  
  200  7:46  Overlord  
  200  7:48  Overlord  
  200  7:56  Hydralisk Den  
  199  8:03  Drone x4  
  198  8:09  Drone x2  
  198  8:25  Roach x37  
  198  8:28  Muscular Augments  
  198  8:35  Roach x10  
  198  8:41  Roach x10  
  198  8:46  Hydralisk  
  200  8:48  Pneumatized Carapace  
  200  8:56  Roach x5  
  200  9:01  Roach x5  
  198  9:03  Roach x3  
  173  9:12  Roach x20  
  197  9:20  Roach x2  
  191  9:26  Ravager x2, Roach  
  191  9:27  Ravager x2, Hydralisk x3  
  193  9:31  Roach  
  193  9:32  Roach  
  193  9:36  Zerg Ground Armor Level 1, Infestation Pit  
  193  9:38  Roach x2  
  200  9:47  Roach  
  182  9:59  Roach x6  
  173  10:00  Roach x14  
  173  10:05  Roach  
  185  10:11  Hatchery, Roach x3  
  190  10:20  Hive  
  190  10:23  Drone x4  
  190  10:24  Extractor, Evolution Chamber  
  190  10:25  Drone x3  
  190  10:26  Hydralisk x2  
  199  10:28  Roach x19  
  199  10:30  Hatchery  
  198  10:41  Overlord  
  180  10:51  Hydralisk x10  
  192  11:02  Roach x5  
  192  11:15  Roach  
  192  11:17  Roach  
  192  11:18  Roach x8  
  180  11:21  Roach  
  180  11:22  Roach x2  
  180  11:25  Roach  
  153  11:33  Roach x2, Drone  
  139  11:40  Roach x4  
  139  11:42  Overseer  
  139  11:46  Roach x10  
  165  11:52  Zerg Ground Armor Level 2  
  165  11:54  Roach x2  
  168  12:00  Zerg Missile Weapons Level 3  
  168  12:04  Extractor x2  
  168  12:08  Drone x5  
  167  12:09  Drone  
  167  12:10  Hydralisk x3  
  176  12:17  Roach x5  
  176  12:19  Roach  
  176  12:21  Hydralisk x8  
  186  12:24  Roach x5  
  186  12:26  Roach x29  
  196  12:35  Roach x2  
  200  12:38  Roach x8  
  200  12:45  Overseer  
  200  12:46  Overseer  
  198  13:04  Hydralisk  
  196  13:15  Roach x2  
  200  13:26  Roach x3  
  200  13:27  Roach x4  
  200  13:30  Roach  
  200  13:31  Roach x4  
  200  13:36  Hatchery  
  200  13:37  Ravager  
  179  13:52  Roach x6  
  179  13:53  Roach x9  
  171  14:03  Roach  
  171  14:04  Roach x4  
  151  14:10  Roach  
  151  14:11  Roach  
  151  14:13  Roach  
  151  14:14  Roach  
  151  14:15  Roach  
  137  14:21  Roach x2  
  137  14:26  Roach x2  
  137  14:27  Roach x5  
  141  14:32  Roach x2  
  141  14:36  Roach  
  139  14:39  Roach  
  139  14:42  Roach  
  139  14:44  Roach  
Tags
 
Add a new tag
Caveats
  • Supply blocks, unpowered buildings, or Contaminate may cause inaccurate times.
  • Supply counts are checked every 10 seconds.